[Event "*** SCC Grand Prix: Titled Tuesday Blitz"]
[Site "Chess.com"]
[Date "2020.08.25"]
[Round "5"]
[White "SharapovEvgeny"]
[Black "Reader777"]
[Result "1/2-1/2"]
[WhiteElo "2443"]
[BlackElo "2669"]
[TimeControl "180+1"]
[EndTime "10:58:16 PDT"]
[Termination "Game drawn by agreement"]

1. c4 e5 2. Nc3 Nf6 3. g3 c6 4. Bg2 d5 5. cxd5 cxd5 6. Qb3 e4 7.
d3 exd3 8. exd3 Bc5 9. Nxd5 O-O 10. Ne2 Nc6 11. Nxf6+ Qxf6 12. O-O Bg4 13. Nc3 Nd4 14.
Qc4 Bb6 15. Nd5 Nf3+ 16. Kh1 Qe6 17. Nxb6 axb6 18. Be3 Qf5 19. Qf4 Qxf4 20. Bxf4 Bh5 21. h3 f5 22. Rfc1 Rad8 23. Rc3 Rfe8 24. Be3 b5 25.
Rb3 g6 26. a4 bxa4 27. Rxa4 Ra8 28. Rxa8 Rxa8 29. Ra3 Rc8 30. Ra4 Ne5 31. Bxb7 Rc2 32. Bd5+ Kf8 33. d4 Nf3 34. Kg2 Ne1+ 35. Kf1 Nd3 36.
b4 Rb2 37. g4 fxg4 38. hxg4 Bxg4 39. b5 Rxb5 40. Bc4 Rb1+ 41. Kg2 Ne1+ 42. Kg3 Bf5 43. d5 Nd3 44. Bxd3 Bxd3 45. d6 Rb8 46. Rd4 Bf5 47. Kf4 Rd8 48. Ke5 Rd7 49. Bg5 Kf7 50. Be7 Rb7 51.
Rc4 Rb5+ 52. Kd4 Bd7 53. Rc5 Rxc5 54. Kxc5 Ke6 55. Kd4 h5 1/2-1/2

[Event "*** SCC Grand Prix: Titled Tuesday Blitz"]
[Site "Chess.com"]
[Date "2020.08.25"]
[Round "5"]
[White "kobemagic"]
[Black "shineatchess"]
[Result "1-0"]
[WhiteElo "2409"]
[BlackElo "2216"]
[TimeControl "180+1"]
[EndTime "10:58:16 PDT"]
[Termination "kobemagic won by checkmate"]

1. c4 e5 2. g3 Nf6 3. Bg2 d5 4. cxd5 Nxd5 5. Nf3 Nc6 6. O-O Nb6 7. b3 Bd6 8. Bb2 O-O 9. d3 Bg4 10. Nbd2 Qd7 11.
Rc1 f6 12. Nc4 Bh3 13. a3 Bxg2 14. Kxg2 Nd4 15. Bxd4 exd4 16. Qc2 Be7 17. b4 Kh8 18. Nxb6 cxb6 19. Qc7 Rfd8 20. Qxd7 Rxd7 21. Rc4 Rad8 22. Rfc1 b5 23. Rc7 Kg8 24. Rxd7 Rxd7 25. Rc8+ Kf7 26. Nd2 a5 27. bxa5 Bxa3 28. Nb3 Be7 29. Kf3 Ke6 30.
Re8 f5 31. Nc5+ Kf7 32. Nxd7 Kxe8 33. Ne5 Bd8 34. Kf4 g6 35. Nf3 Bxa5 36. Nxd4 b4 37. Nb3 Bc7+ 38. Ke3 Ke7 39. f3 Bb6+ 40. d4 Ke6 41.
Kd3 g5 42. e4 fxe4+ 43. fxe4 h5 44. Kc4 h4 45. g4 Bc7 46. h3 Bd6 47. Kb5 Kd7 48.
Kb6 Kc8 49. e5 Bc7+ 50. Kc5 Kd7 51. Kxb4 Kc6 52. Kc4 b5+ 53. Kd3 Kd5 54. Kc3 Bd8 55. Kb4 Bb6 56. Kxb5 Bc7 57. Kb4 Bxe5 58. dxe5 Kxe5 59.
Kc3 Kf4 60. Kd3 Kg3 61. Ke3 Kxh3 62. Kf3 Kh2 63. Nd2 h3 64. Kf2 Kh1 65. Nf1 h2 66. Ng3# 1-0

[Event "*** SCC Grand Prix: Titled Tuesday Blitz"]
[Site "Chess.com"]
[Date "2020.08.25"]
[Round "5"]
[White "KonstantinB_1983"]
[Black "lucasmito"]
[Result "0-1"]
[WhiteElo "2383"]
[BlackElo "2527"]
[TimeControl "180+1"]
[EndTime "10:58:19 PDT"]
[Termination "lucasmito won by resignation"]

1. e4 e5 2. Nf3 Nc6 3. Bb5 f5 4. Qe2 fxe4 5. Bxc6 dxc6 6. Nxe5 Nf6 7. d3 Bd6 8. Nc4 O-O 9. O-O Ng4 10. h3 exd3 11. Qxd3 Ne5 12. Nxe5 Bxe5 13. Qc4+ Qd5 14. Nd2 Bf5 15. Qxd5+ cxd5 16. Nf3 Bf6 17. c3 c5 18. Be3 b6 19. Rfd1 Be4 20. Ng5 Rfd8 21. Nxe4 dxe4 22. Kf1 Kf7 23. Ke2 Ke6 24. f4 c4 25. g4 Rd3 26. Rxd3 exd3+ 27. Kf3 Kd5 28.
g5 Be7 29. f5 Rf8 30. Kg4 Bc5 31. Bf4 Re8 32. f6 gxf6 33. gxf6 Re2 34. Kf5 Rxb2 35.
Re1 Rf2 36. Kg5 Bd6 37. Bxd6 Kxd6 38. Re8 Kd7 39. Re4 d2 40. Rd4+ Ke6 41. Re4+ Kd5 42. Rd4+ Ke5 43. f7 Rxf7 44. Rxd2 Rf3 45. Rd7 Rxh3 46.
Rxa7 Rxc3 47. Rxh7 Ra3 48. Rh2 Rg3+ 49. Kh4 Rg8 50.
Rb2 c3 51. Rxb6 Kd4 52. Rc6 Kd3 53. a4 c2 54. a5 Kd2 55. Rd6+ Kc3 56. a6 c1=Q 57.
Rc6+ Kb2 58. Rxc1 Kxc1 0-1

[Event "*** SCC Grand Prix: Titled Tuesday Blitz"]
[Site "Chess.com"]
[Date "2020.08.25"]
[Round "5"]
[White "Bigfish1995"]
[Black "Violord"]
[Result "1/2-1/2"]
[WhiteElo "3054"]
[BlackElo "2658"]
[TimeControl "180+1"]
[EndTime "10:58:20 PDT"]
[Termination "Game drawn by repetition"]

1. d4 Nf6 2. c4 e6 3. Nf3 Bb4+ 4. Nbd2 d5 5. e3 O-O 6. a3 Be7 7. b4 a5 8. Rb1 axb4 9. axb4 c6 10. Qc2 Na6 11.
c5 Nb8 12. Bd3 b6 13. O-O Ba6 14. Bb2 Bxd3 15. Qxd3 Nbd7 16. Ra1 Qc7 17. Nb3 Qb7 18. Nfd2 h6 19. Bc3 Rfb8 20. h3 Ne8 21. cxb6 Nxb6 22. Nc5 Qc8 23. Ra5 Nd6 24. Rfa1 Ndc4 25. Nxc4 Nxc4 26. Ra7 Bd6 27. e4 Rxa7 28. Rxa7 Ra8 29.
Rxa8 Qxa8 30. e5 Bxc5 31. bxc5 Qa2 32. g3 Qb3 33. Kg2 Na3 34. Qe3 Nb5 35. Ba1 Qd1 36.
Bb2 Qc2 37. Ba1 Qb1 38. Bc3 Qb3 39. Ba1 Qxe3 40. fxe3 f6 41. exf6 gxf6 42. Kf3 Kf7 43. e4 Na3 44. Bb2 Nb5 45. exd5 exd5 46. Kf4 Kg6 47. g4 Nc7 48. Kg3 Ne6 49. h4 h5 50.
Bc3 f5 51. g5 f4+ 52. Kf3 Kf5 53. Bb2 Nf8 54. Bc3 Ng6 55. Be1 Ne7 56. Bd2 Ng6 57.
Be1 Nf8 58. Bd2 Ne6 59. Bc3 Nf8 60. Bd2 Ng6 61. Be1 1/2-1/2

[Event "*** SCC Grand Prix: Titled Tuesday Blitz"]
[Site "Chess.com"]
[Date "2020.08.25"]
[Round "5"]
[White "DenLaz"]
[Black "Siemba"]
[Result "1-0"]
[WhiteElo "2713"]
[BlackElo "2477"]
[TimeControl "180+1"]
[EndTime "10:58:20 PDT"]
[Termination "DenLaz won by checkmate"]

1. d4 d5 2. c4 c5 3. cxd5 Nf6 4. dxc5 e6 5. dxe6 Qxd1+ 6. Kxd1 Bxe6 7. Nc3 Bxc5 8. e3 Nc6 9. a3 Bb3+ 10. Ke1 O-O 11. Nf3 Rfe8 12. Be2 a6 13. Nd2 Na5 14. Nxb3 Nxb3 15.
Rb1 Rac8 16. Bd1 Nxc1 17. Rxc1 Be7 18. Bf3 Rc7 19. Ke2 Rec8 20. Rhd1 b5 21. Na2 Rc2+ 22. Rxc2 Rxc2+ 23. Rd2 Rxd2+ 24. Kxd2 Kf8 25. b4 Nd7 26. Bb7 Nb8 27. Kd3 Bf6 28. f4 Bb2 29. Kc2 Bf6 30.
e4 Bd4 31. Nc1 Bg1 32. h3 Bd4 33. Nd3 Ke7 34. g4 g6 35. e5 h5 36. Kd2 hxg4 37.
hxg4 Kd7 38. Ke2 Kc7 39. Bd5 f6 40. Kf3 fxe5 41. fxe5 Nd7 42. Ke4 Bc3 43. Bf7 Nf8 44. Kd5 a5 45. e6 Kd8 46. bxa5 Bxa5 47. Kc6 Bc7 48. Kxb5 Ke7 49. Kc6 Bg3 50. Kd5 Bh2 51. a4 Bc7 52. Ne5 Bxe5 53. Kxe5 g5 54. a5 Nh7 55. a6 Kf8 56. a7 Kg7 57. a8=Q Nf6 58.
Kf5 Nh7 59. Qa1+ Kh6 60. Bg6 Nf6 61. Qa7 Nd7 62. exd7 Kg7 63. d8=Q+ Kh6 64. Qh7# 1-0

[Event "*** SCC Grand Prix: Titled Tuesday Blitz"]
[Site "Chess.com"]
[Date "2020.08.25"]
[Round "5"]
[White "GregShahade"]
[Black "szachuspl"]
[Result "1-0"]
[WhiteElo "2676"]
[BlackElo "2506"]
[TimeControl "180+1"]
[EndTime "10:58:20 PDT"]
[Termination "GregShahade won by resignation"]

1. e4 g6 2. d4 Bg7 3. Nc3 d6 4. Nf3 Nf6 5. Be2 O-O 6. O-O c6 7. a4 Nbd7 8. h3 e5 9. dxe5 dxe5 10. Bc4 h6 11. Qe2 Re8 12. Rd1 Nh5 13. a5 Qf6 14. Nh2 Nf4 15. Qf3 Nf8 16. Ne2 N8e6 17. Bxe6 Nxe6 18. Qxf6 Bxf6 19. Bxh6 Ng5 20. Ng4 Bxg4 21.
hxg4 Nxe4 22. Be3 a6 23. f3 Ng5 24. Bb6 e4 25. f4 Ne6 26. c3 Bd8 27. Rd7 Bxb6+ 28.
axb6 Nc5 29. Rc7 Rab8 30. Rd1 Kf8 31. Nd4 Re7 32. Rxe7 Kxe7 33. Kf2 Na4 34. Ke3 Nxb6 35. Kxe4 Nc4 36. b3 Nd6+ 37. Kf3 Kd7 38. f5 g5 39. f6 Kc7 40. Re1 Rd8 41. Re7+ Rd7 42. Re5 b6 43.
Rxg5 c5 44. Ne2 Ne8 45. Rf5 Kd6 46. Nf4 a5 47. g5 Ra7 48. Rd5+ Kc6 49. Re5 Nd6 50. Nd5 b5 51. Ne7+ Kd7 52. Nf5 a4 53. Re7+ Kc6 54. Rxa7 axb3 55. Ne7+ Kb6 56. Ra1 b4 57.
Rb1 c4 58. Nd5+ Kb5 59. Nxb4 Nf5 60. g6 fxg6 61. f7 1-0

[Event "*** SCC Grand Prix: Titled Tuesday Blitz"]
[Site "Chess.com"]
[Date "2020.08.25"]
[Round "5"]
[White "paulrusan"]
[Black "lider34"]
[Result "1/2-1/2"]
[WhiteElo "2201"]
[BlackElo "2396"]
[TimeControl "180+1"]
[EndTime "10:58:21 PDT"]
[Termination "Game drawn - insufficient material"]

1. e4 c6 2. d4 d5 3. f3 Qb6 4. c3 e5 5. exd5 exd4 6. cxd4 cxd5 7. Nc3 Nf6 8. Bb5+ Nc6 9. Nge2 h6 10. O-O Be7 11.
Be3 O-O 12. Qd2 a6 13. Bxc6 Qxc6 14. Rac1 Be6 15. Ne4 Qb5 16. Nc5 Rac8 17. Nxe6 fxe6 18. Nf4 Bb4 19. Qd3 Qxd3 20. Nxd3 Bd6 21. Rxc8 Rxc8 22. Rc1 Rxc1+ 23. Bxc1 Kf7 24. Bd2 Nd7 25. Bf4 Bxf4 26. Nxf4 Nb8 27. Kf2 Nc6 28. Ke3 Na5 29. b3 Nc6 30. Nd3 Kf6 31. f4 Kf5 32. h3 h5 33. g3 g6 34. b4 b6 35. a3 Na7 36. Ne5 Nb5 37. g4+ hxg4 38. hxg4+ Kf6 39. a4 Nc3 40. Nd7+ Ke7 41. Nxb6 Na2 42. b5 axb5 43.
a5 Nb4 44. Kd2 Nc6 45. a6 Kd8 46. f5 exf5 47. gxf5 gxf5 48. Nxd5 Kc8 49. Kd3 Kb8 50.
Nf4 Ka7 51. d5 Nb4+ 52. Kd4 Nxd5 53. Kxd5 Kxa6 54. Kd4 Ka5 55. Kc3 Ka4 56. Nd5 Ka3 57.
Kd4 b4 58. Nxb4 Kxb4 59. Ke5 Kc5 60. Kxf5 1/2-1/2

[Event "*** SCC Grand Prix: Titled Tuesday Blitz"]
[Site "Chess.com"]
[Date "2020.08.25"]
[Round "5"]
[White "jefferyx"]
[Black "Tooweak2slow03"]
[Result "1-0"]
[WhiteElo "2913"]
[BlackElo "2697"]
[TimeControl "180+1"]
[EndTime "10:58:22 PDT"]
[Termination "jefferyx won by resignation"]

1. d4 e6 2. Nf3 f5 3. g3 b6 4. Bg2 Bb7 5. O-O Nf6 6. c4 Be7 7. d5 O-O 8. Nd4 Qc8 9. Nc3 a5 10. b3 Na6 11. Bb2 Nc5 12. Qc2 g6 13. Rfd1 e5 14. Ndb5 d6 15. a3 Ba6 16. b4 axb4 17.
axb4 Bxb5 18. Rxa8 Qxa8 19. Nxb5 Na6 20. Qa4 Qb7 21.
Bxe5 dxe5 22. d6 e4 23. dxe7 Re8 24. Qa1 Kg7 25. Rd8 Rxe7 26. Qc3 c5 27. Nd6 Qc7 28.
Ne8+ Rxe8 29. Rxe8 Nxb4 30. Re6 Qd8 31. Qe5 Kf7 32.
Rd6 Qe7 33. Qxe7+ Kxe7 34. Rxb6 Nd7 35. Rb7 h5 36. f3 exf3 37. exf3 Kd6 38. f4 h4 39.
gxh4 Nd3 40. Bf1 Nxf4 41. Kf2 Ne6 42. Be2 Nd4 43. h5 gxh5 44. Bxh5 f4 45. Ra7 Ne5 46. Ra6+ Kc7 47. Be2 f3 48. Bf1 Ng4+ 49. Kg3 Ne3 50. Bd3 Kd7 51. h3 Ke7 52. h4 Nd1 53. h5 f2 54. h6 Nf5+ 55. Kf3 Nb2 56. Bf1 Kf7 57. Kxf2 Kg8 58. Be2 Kh7 59. Ra2 1-0

[Event "*** SCC Grand Prix: Titled Tuesday Blitz"]
[Site "Chess.com"]
[Date "2020.08.25"]
[Round "5"]
[White "mamey78"]
[Black "AldokhinIvan"]
[Result "1-0"]
[WhiteElo "2424"]
[BlackElo "2538"]
[TimeControl "180+1"]
[EndTime "10:58:22 PDT"]
[Termination "mamey78 won by checkmate"]

1. e4 e6 2. d4 d5 3. Nc3 Bb4 4. e5 Qd7 5. Qg4 f5 6. Qh5+ Qf7 7. Qd1 b6 8. Nh3 h6 9. Nf4 Ne7 10. h4 Bb7 11. Bb5+ Nbc6 12. h5 a6 13. Be2 Bxc3+ 14. bxc3 Na5 15. Qd3 Nc4 16. a4 O-O-O 17. Qf3 Kb8 18. Ba3 Rhg8 19. Rh3 Nxa3 20. Rxa3 Nc6 21.
Rg3 Na5 22. Rg6 Rde8 23. Ra1 Qd7 24. Qg3 Nc4 25. Bd3 Ka7 26. Kf1 Bc6 27. Kg1 Bxa4 28. Rxe6 Rxe6 29. Bxf5 Bxc2 30. Bxe6 Qd8 31. Bxg8 Qxg8 32.
e6 Nd6 33. Re1 Bf5 34. Nxd5 Kb7 35. Ne7 Qf8 36. Nxf5 Qxf5 37. e7 Qd7 38. Qxd6 Qxd6 39. e8=Q a5 40. Qe4+ Ka7 41. Qf3 a4 42. Re8 Ka6 43.
c4 c6 44. Ra8+ Kb7 45. Rxa4 Qe7 46. Qe3 Qf7 47. Qa3 Qxc4 48. Ra7+ Kc8 49. Qf8# 1-0

[Event "*** SCC Grand Prix: Titled Tuesday Blitz"]
[Site "Chess.com"]
[Date "2020.08.25"]
[Round "5"]
[White "sergivila"]
[Black "RusPakhom"]
[Result "1-0"]
[WhiteElo "2443"]
[BlackElo "2278"]
[TimeControl "180+1"]
[EndTime "10:58:22 PDT"]
[Termination "sergivila won by resignation"]

1. e4 c5 2. Nf3 g6 3. d4 cxd4 4. Nxd4 Nc6 5. c4 Nf6 6. Nc3 Nxd4 7. Qxd4 d6 8. Be3 Bg7 9. f3 O-O 10.
Qd2 Be6 11. Rc1 a6 12. b3 Rc8 13. Be2 Nd7 14. O-O Nc5 15. Rfd1 f5 16. exf5 Bxf5 17.
b4 Nd7 18. Nd5 Nf6 19. Nb6 Rc6 20. c5 d5 21. Nxd5 Nxd5 22. Qxd5+ Qxd5 23. Rxd5 e5 24.
Rcd1 e4 25. Rd8 Re6 26. Bc4 exf3 27. gxf3 Bf6 28. Rxf8+ Kxf8 29. Bxe6 Bxe6 30. a3 Bb2 31. Bc1 Bf6 32. Rd6 Ke7 33. Kf2 Be5 34. Rd1 Bb3 35. Re1 Kf6 36. f4 Bd4+ 37. Kg3 h5 38. Re2 h4+ 39. Kxh4 Bc4 40. Rd2 Bc3 41. Rd6+ Kf5 42. Kg3 Be1+ 43. Kf3 Bc3 44. Rd7 Bf6 45. Be3 Bb5 46.
Rd6 Bc6+ 47. Kg3 Bc3 48. Bd4 Be1+ 49. Kh3 Bf3 50. Be5 Bg4+ 51. Kg2 Be2 52. Rf6+ Ke4 53.
Rxg6 Bd2 54. Kf2 Bb5 55. Rb6 Bc1 56. Rxb7 Bxa3 57. Rxb5 axb5 58. c6 1-0

[Event "*** SCC Grand Prix: Titled Tuesday Blitz"]
[Site "Chess.com"]
[Date "2020.08.25"]
[Round "5"]
[White "Jungle_Jaguar"]
[Black "Salem-AR"]
[Result "0-1"]
[WhiteElo "2637"]
[BlackElo "2907"]
[TimeControl "180+1"]
[EndTime "10:58:23 PDT"]
[Termination "Salem-AR won on time"]

1. e4 c6 2. d4 d5 3. e5 Bf5 4. h4 c5 5. g4 Bd7 6. Be3 cxd4 7. Bxd4 Nc6 8. c3 Nh6 9. f3 Qc7 10. Qb3 e6 11. Ne2 Nxe5 12. Bxe5 Qxe5 13. Qxb7 Rc8 14.
Nd2 Qe3 15. b4 Bd6 16. Rh3 f5 17. g5 Nf7 18. f4 Qb6 19. Qxb6 axb6 20. a4 g6 21. Nb3 h6 22. a5 bxa5 23. Nxa5 hxg5 24. hxg5 Rxh3 25. Bxh3 e5 26. fxe5 Bxe5 27. Bg2 Rxc3 28. Rd1 Re3 29. Bxd5 Nxg5 30. Nc6 Bxc6 31. Bxc6+ Ke7 32.
b5 f4 33. Kf2 Rb3 34. Rd7+ Kf6 35. Rd8 Ne6 36. Ra8 Nc5 37. Re8 g5 38. Rg8 Nd3+ 39.
Kf1 Rb2 40. Rd8 Nc5 41. Rf8+ Kg6 42. Rg8+ Kf6 43. Rf8+ Kg7 44. Re8 Nd3 45. Be4 Rb1+ 46. Kg2 Ne1+ 47. Kh3 Rb3+ 48. Kg4 Bd6 49. Kxg5 f3 0-1

[Event "*** SCC Grand Prix: Titled Tuesday Blitz"]
[Site "Chess.com"]
[Date "2020.08.25"]
[Round "5"]
[White "brute4ever"]
[Black "Dannyyi"]
[Result "1-0"]
[WhiteElo "2500"]
[BlackElo "2324"]
[TimeControl "180+1"]
[EndTime "10:58:23 PDT"]
[Termination "brute4ever won by resignation"]

1. d4 d5 2. Bf4 Nf6 3. e3 e6 4.
Nf3 Bd6 5. Bg3 c5 6. c3 Nc6 7.
Bd3 O-O 8. Nbd2 b6 9. Ne5 Bb7 10.
O-O Qc7 11. f4 Ne7 12. Bh4 Ne4 13. Qe2 Nf5 14. Be1 Be7 15. g4 Nfd6 16. Nef3 Rac8 17. Bh4 Nxd2 18. Qxd2 Ne4 19. Qe2 Bxh4 20. Nxh4 cxd4 21.
exd4 Qe7 22. Nf3 Qd6 23. Nd2 f5 24. g5 Bc6 25. Qe3 Be8 26. Nf3 Bh5 27. Ne5 Rb8 28.
Qh3 Bg6 29. Rae1 b5 30. a3 a5 31. Qe3 b4 32. axb4 axb4 33. c4 dxc4 34. Bxc4 Be8 35.
Rd1 Bb5 36. d5 Bxc4 37. Nxc4 Qc7 38. Qd4 exd5 39. Qxd5+ Kh8 40. Ne5 Qb6+ 41. Kg2 Qe3 42. Rde1 Qd2+ 43. Qxd2 Nxd2 44. Rf2 Ne4 45. Rc2 Rfc8 46.
Rec1 Kg8 47. Nc6 Rb7 48. Ne7+ Rxe7 49. Rxc8+ Kf7 50. R1c7 Nd6 51. Rxe7+ Kxe7 52. Rb8 Ne4 53. Rxb4 g6 54. Rxe4+ fxe4 55. Kf2 Kd6 56. Ke3 Kc5 57. Kxe4 Kb4 58. Ke5 Kb3 59. Kf6 Kxb2 60. Kg7 1-0

[Event "*** SCC Grand Prix: Titled Tuesday Blitz"]
[Site "Chess.com"]
[Date "2020.08.25"]
[Round "5"]
[White "wonderfultime"]
[Black "Bulldog167"]
[Result "1-0"]
[WhiteElo "2893"]
[BlackElo "2680"]
[TimeControl "180+1"]
[EndTime "10:58:27 PDT"]
[Termination "wonderfultime won on time"]

1. d4 Nf6 2. Nf3 e6 3. Bf4 b6 4.
Nbd2 Bb7 5. e3 c5 6. Bd3 cxd4 7. exd4 Be7 8. O-O O-O 9. Re1 d6 10. c3 Nbd7 11. Qc2 Re8 12. Ng5 Nf8 13. Nge4 Ng6 14.
Nxf6+ Bxf6 15. Bg3 a6 16. a4 Be7 17. Qb3 Qc7 18.
Nc4 b5 19. axb5 axb5 20. Qxb5 Bc6 21. Qb6 Qxb6 22. Nxb6 Rab8 23. Nc4 Bb5 24. b3 Ra8 25.
Bxg6 Bxc4 26. Bxf7+ Kxf7 27. bxc4 Rec8 28. Rab1 Ra7 29. Rb4 Rac7 30. Reb1 Rxc4 31. Rxc4 Rxc4 32. Rb3 e5 33. dxe5 dxe5 34. Kf1 e4 35. Bf4 Bf6 36.
Bd2 Ke6 37. Ke2 Kd5 38. h3 h6 39. Ra3 Rc8 40. Kd1 Be5 41. Kc2 Bd6 42. Ra5+ Ke6 43.
Ra4 Kd5 44. Rd4+ Ke5 45. Be3 Be7 46. Rd7 Bf6 47. Ra7 Ke6 48. Ra3 h5 49. Rb3 Kf5 50.
Kd2 g5 51. Bd4 Bxd4 52. cxd4 Ra8 53. Rb5+ Kf6 54. Ke3 Ra2 55. h4 gxh4 56. Rxh5 1-0

[Event "*** SCC Grand Prix: Titled Tuesday Blitz"]
[Site "Chess.com"]
[Date "2020.08.25"]
[Round "5"]
[White "SerGo055"]
[Black "maurito96"]
[Result "1-0"]
[WhiteElo "2474"]
[BlackElo "2146"]
[TimeControl "180+1"]
[EndTime "10:58:28 PDT"]
[Termination "SerGo055 won by resignation"]

1. d4 Nf6 2. Nf3 g6 3. c4 Bg7 4. Nc3 O-O 5. Bg5 c5 6. d5 h6 7. Bf4 d6 8. Qd2 g5 9. Bg3 Na6 10.
e4 Nc7 11. h4 g4 12. Nh2 Nh5 13. Be2 Nxg3 14. fxg3 b5 15. cxb5 a6 16. b6 Nb5 17.
Nxg4 Bxg4 18. Bxg4 Qxb6 19. O-O Rab8 20. Nd1 c4+ 21.
Kh2 Qd4 22. Qxd4 Nxd4 23. Rc1 Rb4 24. a3 Rb3 25. Rxc4 Be5 26. Bf3 f5 27. Rc3 fxe4 28. Rxb3 Nxb3 29. Be2 Rxf1 30. Bxf1 a5 31. Kh3 Nd2 32.
Be2 Kg7 33. g4 Kf6 34. b4 axb4 35. axb4 Nb3 36. Nf2 e3 37. Ne4+ Kg7 38. g5 hxg5 39. hxg5 Nc1 40. Bh5 e2 41. Bxe2 Nxe2 42. b5 Bd4 43.
Kg4 Nc1 44. Kf5 Nd3 45. Ke6 Kf8 46. g3 Nb4 47. g6 Be5 48. b6 Na6 49. g4 Nb8 50.
Nd2 Kg7 51. Kxe7 Kxg6 52. Nc4 Bg3 53. Nxd6 Kg5 54. Ne4+ Kxg4 55. Nxg3 Kxg3 56. d6 Kf4 57. d7 Ke5 58. d8=Q Nc6+ 59. Kd7 Nxd8 60. Kxd8 Kd6 61.
b7 Kc6 62. b8=Q 1-0

[Event "*** SCC Grand Prix: Titled Tuesday Blitz"]
[Site "Chess.com"]
[Date "2020.08.25"]
[Round "5"]
[White "Mazetovic"]
[Black "GoldenShare"]
[Result "1-0"]
[WhiteElo "2669"]
[BlackElo "2493"]
[TimeControl "180+1"]
[EndTime "10:58:29 PDT"]
[Termination "Mazetovic won on time"]

1. e4 c5 2. Nf3 d6 3. Bb5+ Nd7 4. c3 Nf6 5. Qe2 a6 6. Ba4 b5 7. Bc2 e6 8. d4 Bb7 9. O-O Be7 10. a4 O-O 11. Nbd2 Qc7 12. Bd3 c4 13. Bc2 e5 14.
Re1 Rfe8 15. Nf1 Bf8 16. d5 g6 17. Ng3 Bg7 18. a5 Nc5 19. Be3 Rab8 20. Nd2 h5 21. f3 h4 22. Nh1 Nh5 23. Qf2 Qe7 24. Bxc5 dxc5 25. g3 Bf6 26. Nf1 Kg7 27. Qg2 Rh8 28. Nf2 Bc8 29. Ne3 Bg5 30. Rad1 hxg3 31. hxg3 Nxg3 32.
Qxg3 Bf4 33. Qg2 Bh3 34. Nf5+ Bxf5 35. exf5 Rh2 36. Qg4 Rh4 37. Qg2 Rh2 38. Qg4 Rh4 39. Kg2 Rxg4+ 40. fxg4 Qh4 41. d6 Qg3+ 42. Kf1 Rh8 43. d7 Rh2 44. f6+ Kh7 45. Re2 Qf3 46. Ke1 Rxf2 47. Rxf2 Bg3 48. Rd2 Bxf2+ 49. Rxf2 Qe3+ 50.
Kd1 Qxf2 51. d8=Q Qf1+ 52. Kd2 Qf4+ 53. Ke1 Qe3+ 54. Kd1 Qf3+ 55. Kc1 Qf1+ 56. Bd1 Qf4+ 57. Kb1 Qg5 58. Qe7 1-0

[Event "*** SCC Grand Prix: Titled Tuesday Blitz"]
[Site "Chess.com"]
[Date "2020.08.25"]
[Round "5"]
[White "MYMChessAcademy"]
[Black "dolynachess"]
[Result "0-1"]
[WhiteElo "2113"]
[BlackElo "2419"]
[TimeControl "180+1"]
[EndTime "10:58:29 PDT"]
[Termination "dolynachess won by checkmate"]

1. e4 c5 2. Nf3 d6 3. d4 cxd4 4. Nxd4 Nf6 5. Nc3 a6 6. Be2 e6 7.
Be3 Be7 8. g4 h6 9. f4 b5 10. a3 Bb7 11. Bf3 Qc7 12. g5 hxg5 13. fxg5 Nfd7 14. h4 g6 15. Qd2 Nc6 16. O-O-O Nde5 17.
Be2 Rc8 18. h5 gxh5 19. Rxh5 Rxh5 20. Bxh5 Nc4 21. Qf2 Nd8 22. Rf1 Nxe3 23. Bxf7+ Kd7 24. Qxe3 Qc4 25. Rf2 Nxf7 26. Rxf7 Rh8 27. b3 Qc5 28.
Qf2 Qxg5+ 29. Kb2 Rh1 30. Nce2 Bxe4 31. Qf4 Qxf4 32. Rxf4 Bd5 33. Nc3 Bb7 34. Rg4 Bf6 35. Nf3 d5 36. Rg6 Ke7 37. Nd2 d4 38. Nce4 Be5 39.
Nc5 Bd5 40. Nf3 Bh8 41. Rg5 d3+ 42. c3 Rf1 43. Rg7+ Bxg7 44. Ne5 Rf2+ 45. Kb1 Rf1+ 46.
Kb2 Rf2+ 47. Kb1 d2 48. Nc6+ Kd6 49. Ne4+ Kxc6 50. Kc2 d1=Q+ 51. Kxd1 Bxe4 52. Ke1 Bd5 53. Kxf2 Bxc3 54. Ke3 Bxb3 55. Kd3 Ba5 56. Ke2 Ba4 57. Kf2 Kd6 58. Ke2 e5 59. Kf2 Kc5 60. Ke2 Kc4 61. Kf2 Kb3 62. Ke2 Kxa3 63. Kf2 b4 64. Ke2 b3 65. Kf2 b2 66. Ke2 b1=Q 67. Kf2 Qb3 68. Ke2 Qc3 69. Kf2 Be8 70. Ke2 Bd8 71. Kf2 Kb4 72.
Ke2 a5 73. Kf2 a4 74. Ke2 a3 75.
Kf2 a2 76. Ke2 a1=Q 77. Kf2 Qab2+ 78. Kf1 Qcc1# 0-1

[Event "*** SCC Grand Prix: Titled Tuesday Blitz"]
[Site "Chess.com"]
[Date "2020.08.25"]
[Round "5"]
[White "FedaMaster"]
[Black "Ali_rastbod"]
[Result "0-1"]
[WhiteElo "2434"]
[BlackElo "2674"]
[TimeControl "180+1"]
[EndTime "10:58:30 PDT"]
[Termination "Ali_rastbod won by resignation"]

1. e4 e6 2. d4 d5 3. exd5 exd5 4. Nf3 Bd6 5. Bd3 Nc6 6. Nc3 Nge7 7. Ne2 Nb4 8. Bb5+ c6 9. Ba4 Bf5 10. Ng3 Bg6 11. O-O O-O 12. a3 Na6 13. c3 Re8 14. Nh4 Nc7 15. Nxg6 fxg6 16. Bc2 Qd7 17. Bg5 Ne6 18.
Be3 Rf8 19. Qg4 Nc5 20. Qe2 Ne6 21. Rae1 Rae8 22. Qg4 Nc8 23. Bc1 Qf7 24. Re3 Nf4 25. Qd1 h5 26. Rf3 h4 27. Bxf4 Bxf4 28. Ne2 g5 29. Nxf4 gxf4 30. Rh3 g5 31. Rd3 Nd6 32.
f3 Nc4 33. Qc1 Ne3 34. Re1 Re7 35. Rdxe3 Rxe3 36. Rxe3 fxe3 37. Qxe3 Qf6 38. Qd3 Rf7 39.
h3 Re7 40. Kf1 Qe6 41. Qd2 Qe3 42. Qd1 Kg7 43. Bd3 Kf6 44. Be2 Kf5 45. Qe1 Kf4 46. Qd1 Kg3 47. Qe1+ Kh2 48. Qf2 Qxe2+ 49. Qxe2 Rxe2 50.
Kxe2 Kxg2 51. Ke3 Kxh3 52. f4 gxf4+ 53. Kf3 Kh2 54. Kf2 h3 55. a4 b6 56. b4 b5 57. axb5 cxb5 58. c4 bxc4 59. b5 c3 60. Ke2 f3+ 61. Kd3 f2 0-1

[Event "*** SCC Grand Prix: Titled Tuesday Blitz"]
[Site "Chess.com"]
[Date "2020.08.25"]
[Round "5"]
[White "Gurvich_Vitaly"]
[Black "AvitalBor"]
[Result "1-0"]
[WhiteElo "2607"]
[BlackElo "2811"]
[TimeControl "180+1"]
[EndTime "10:58:33 PDT"]
[Termination "Gurvich_Vitaly won on time"]

1. e4 e5 2. Nf3 Nc6 3. Bb5 a6 4. Bxc6 dxc6 5. O-O Bg4 6. h3 h5 7. d3 Qf6 8. Be3 Bxf3 9. Qxf3 Qxf3 10. gxf3 Ne7 11. Rd1 Ng6 12. Kf1 O-O-O 13. Ke2 Be7 14. Nd2 Nh4 15. Nc4 Bf6 16. a4 g5 17. b4 Rhg8 18.
Rdb1 b6 19. c3 Kb7 20. Nd2 Ng2 21. a5 Nxe3 22. fxe3 g4 23. fxg4 hxg4 24. Rf1 Rd6 25. Nc4 Re6 26. hxg4 Rxg4 27. Rg1 Rh4 28. Rh1 c5 29. axb6 cxb4 30. Rxh4 Bxh4 31. bxc7 bxc3 32. Rc1 Kxc7 33. Rxc3 Rc6 34. Ra3 Be7 35. Ra4 f6 36. d4 Kb8 37. Kd3 Ka7 38. Ra1 Rc8 39. Rh1 Rc7 40.
Rh6 Rd7 41. Rh7 Kb7 42. d5 Kc7 43. Rh8 Bb4 44. Rh6 Be7 45. Rh1 Rd8 46. Ra1 Ra8 47. Rc1 Kd8 48. Nb6 Rb8 49. Rc6 a5 50. Nc4 a4 51.
Ra6 Rb3+ 52. Ke2 a3 53. d6 Bxd6 54. Nxd6 Rb2+ 55. Kf3 a2 56. Nc4 Rc2 57. Nb6 Ke7 58. Nd5+ Kf7 59. Rxf6+ Kg7 60. Ra6 Kf7 61. Nb4 a1=Q 62.
Rxa1 1-0

[Event "*** SCC Grand Prix: Titled Tuesday Blitz"]
[Site "Chess.com"]
[Date "2020.08.25"]
[Round "5"]
[White "pedromartinez91"]
[Black "snowlord"]
[Result "0-1"]
[WhiteElo "2448"]
[BlackElo "2803"]
[TimeControl "180+1"]
[EndTime "10:58:33 PDT"]
[Termination "snowlord won on time"]

1. e4 c5 2. Nf3 d6 3. d4 cxd4 4. Qxd4 Nf6 5. e5 Nc6 6. Bb5 Qa5+ 7. Nc3 Qxb5 8. Nxb5 Nxd4 9. Nbxd4 dxe5 10. Nxe5 a6 11. Bg5 Nd5 12. Bd2 f6 13. Nc4 e5 14. Ne2 Bf5 15. O-O-O Rc8 16. b3 b5 17. Ba5 Nf4 18.
Nxf4 bxc4 19. Nd5 cxb3 20. Nc7+ Rxc7 21. Bxc7 Ba3+ 22. Kd2 bxc2 23. Rde1 Bb4+ 24. Kc1 Kd7 25. Bb6 Kc6 26. Be3 Rb8 27. Re2 Ba3+ 28. Kd2 Rb1 29.
Ree1 Bb4+ 30. Ke2 Kd5 31. Bd2 Ba3 32. Bc1 Bd6 33. f3 Kc4 34. h4 Bd3+ 35. Ke3 Bc5+ 36.
Kd2 Bb4+ 37. Ke3 Bxe1 38. Rxe1 Ra1 39. Kd2 Rxa2 40. Re3 Bg6 41. g4 h5 42. gxh5 Bxh5 43. Rc3+ Kd5 44. Rc7 g6 45. Rf7 Ke6 46. Rb7 Bxf3 47.
Rb6+ Kf5 48. Ke3 Be4 49. Rb4 Ra1 50. Kd2 Ra5 51. Rb6 Rd5+ 52. Kc3 Rd3+ 53. Kb2 Rh3 54. Rxa6 Rxh4 55. Ra7 Rh3 56. Rg7 Rd3 0-1